 Dungeon Crawl Stone Soup version 0.28-a0-95-g65e1ffefe4 (webtiles) character file.

Game seed: 17441519029691776977

60 akrobin the Ruffian (level 3, -5/36 HPs)
             Began as a Troll Abyssal Knight on Aug 8, 2021.
             Was a Follower of Lugonu.
             Slain by a raiju (7 damage)
             ... on level 2 of the Abyss.
             The game lasted 00:01:52 (394 turns).

akrobin the Ruffian (Troll Abyssal Knight)           Turns: 394, Time: 00:01:53

Health: -5/36      AC:  4    Str: 21    XL:     3   Next: 80%
Magic:  3/3        EV: 10    Int:  8    God:    Lugonu [*.....]
Gold:   14         SH:  0    Dex:  9    Spells: 2/2 levels left

rFire   . . .      SeeInvis .     - Unarmed
rCold   . . .      Faith    .   (no shield)
rNeg    . . .      Spirit   .   a - +0 robe
rPois   .          Reflect  .   (helmet restricted)
rElec   .          Harm     .   (no cloak)
rCorr   .          Rampage  .   (gloves unavailable)
Will    .....                   (boots unavailable)
Stlth   +.........              (no amulet)
HPRegen 1.12/turn               (no ring)
MPRegen 0.08/turn               (no ring)

@: mighty, attractive
A: large, unfitting armour, claws 3, regeneration 1, shaggy fur 1, tough skin 1
a: Renounce Religion, Depart the Abyss


You were on level 2 of the Abyss.
You worshipped Lugonu.
Lugonu was aware of your devotion.
You visited 0 branches of the dungeon, and saw 0 of its levels.
You visited the Abyss 1 time.

You collected 14 gold pieces.

Inventory:

Armour
 a - a +0 robe (worn)
Wands
 d - a wand of charming (1)


   Skills:
 + Level 2.8 Fighting
 + Level 2.3 Dodging
 * Level 3.0 Unarmed Combat
 + Level 2.1 Invocations


You had 2 spell levels left.
You didn't know any spells.
Your spell library was empty.

Dungeon Overview and Level Annotations

Branches:
Dungeon (0/15)

Altars:


Innate Abilities, Weirdness & Mutations

You are too large for most types of armour.
You have claws for hands.
Your natural rate of healing is unusually fast.
You are covered in fur. (AC +1)
You have tough skin. (AC +1)


Message History

The substance of the Abyss twists violently, and a gateway leading out appears!
There is a gateway leading out of the Abyss here.
It was a potion of might.
You feel very mighty all of a sudden.
It was a potion of attraction.
You feel attractive to monsters.
The raiju is no longer charmed.
You barely miss the raiju. The raiju barely misses you.
You barely miss the raiju.
The raiju bursts into living lightning!
The living lightning hits you!
The raiju blinks!
Unknown command.
You claw the raiju!
The raiju is moderately wounded.
The raiju bites you but does no damage. The raiju bites you.
The raiju shocks you!
Unknown command.
You claw the raiju!
The raiju is severely wounded.
The raiju bites you. The raiju shocks you!
* * * LOW HITPOINT WARNING * * *
Unknown command.
You aren't carrying any potions.
Unknown command.
You barely miss the raiju.
The raiju is severely wounded.
The raiju bites you but does no damage.
You closely miss the raiju.
The raiju is severely wounded.
The raiju barely misses you.
You miss the raiju.
The raiju is severely wounded.
The raiju bursts into living lightning!
The living lightning misses you.
The raiju blinks!
You miss the raiju.
The raiju is heavily wounded.
The raiju bites you!
* * * LOW HITPOINT WARNING * * *
The raiju shocks you!
You die...

#≈≈ ≈≈≈ #.≈ ≈ .≈≈ #
.≈≈. #.## ## .#
...#..#.h##.# ..# .
≈...#..##.@.#####...
#. .≈ ...#..#.§#....
≈.# ##
##....###...#.. # ≈
..# ....### ##...##
. #.#..# #...†.
∩.....# ≈ ≈.#. .
.####..#..# ≈ ≈.#
h#..# . #... ## ≈
.## ##....### ..#.##
# . # ##..# .. #.
.#..


You could see a raiju.

Vanquished Creatures (collateral kills)
  A sky beast (Abyss:2)
1 creature vanquished.

Notes
Turn   | Place    | Note
-------+----------+-------------------------------------------
     0 | Abyss:1  | akrobin the Troll Abyssal Knight began the quest for the
                  | Orb.
     0 | Abyss:1  | Reached XP level 1. HP: 22/22 MP: 1/1
    84 | Abyss:1  | Found a corrupted altar of Lugonu.
   186 | Abyss:1  | Noticed an orange demon
   268 | Abyss:1  | Found a snail-covered altar of Cheibriados.
   274 | Abyss:1  | Noticed a rakshasa
   357 | Abyss:2  | Noticed a raiju
   357 | Abyss:2  | Noticed a sky beast
   376 | Abyss:2  | Killed a sky beast
   377 | Abyss:2  | Reached skill level 3 in Unarmed Combat
   377 | Abyss:2  | Reached XP level 2. HP: 22/29 MP: 2/2
   377 | Abyss:2  | Reached XP level 3. HP: 27/36 MP: 3/3
   394 | Abyss:2  | Slain by a raiju

Illustrated notes

Levels and vault maps discovered:
Abyss:2:  base: Temple, hangedman_abyss_or_decor_jellyfish_corner

Skill      XL: |  1 |
---------------+----+-----
Dodging        | 2 |  2.3
Unarmed Combat | 3 |  3.0
Invocations    | 2 |  2.1
Fighting       | |  2.8

Action                   || total
-------------------------++-------
Melee: Unarmed           ||    11
Evoke: Wand              ||     4
  Use: Scroll            ||     2
       Potion            ||     2
Armor: Robe              ||     3
Dodge: Dodged            ||     5

Table legend: (Time is in decaauts)
 A = Elapsed time spent in this place.
 B = Non-inter-level travel time spent in this place.
 C = Inter-level travel time spent in this place.
 D = Time resting spent in this place.
 E = Time spent auto-exploring this place.
 F = Levels seen in this place.
 G = Mean time per level.
                   A        B        C        D        E       F      G
               +--------+--------+--------+--------+--------+-----+--------+
         Total |    394 |    394 |      0 |      0 |    193 |   2 |  197.0 |
         Abyss |    394 |    394 |      0 |      0 |    193 |   2 |  197.0 |
               +--------+--------+--------+--------+--------+-----+--------+

Top non-repeatable levels by time:
 Abyss:1: 304 daAuts
 Abyss:2: 90 daAuts
